Map: Galactic Process LE

Players

Hydra

  • Race: Zerg Zerg

uThermal - Winner!

  • Race: Terran Terran

Event: WCS Copa Intercontinental

VOD

https://www.youtube.com/watch?v=Hf5_0c5oSng

Description

Time

  • Played on: Sept. 10, 2016, 4:09 p.m.
  • Length: 15:24

All games in this series

Show
View Real Time Build Order
Export as new Build Order

Hydra Zerg 

Build Orders: Hatch First 

Get SALT Encoding   

  12  0:00  Drone  
  13  0:12  Overlord  
  13  0:17  Drone  
  14  0:30  Drone x2  
  14  0:34  Drone  
  17  0:53  Hatchery  
  17  0:56  Drone  
  17  1:00  Drone  
  18  1:13  Spawning Pool  
  18  1:16  Extractor  
  16  1:18  Drone  
  16  1:22  Drone  
  18  1:28  Drone  
  19  1:38  Drone  
  20  1:49  Overlord  
  20  2:00  Queen  
  22  2:02  Roach Warren  
  22  2:08  Queen  
  23  2:13  Drone  
  23  2:14  Drone  
  25  2:18  Zergling x2  
  25  2:21  Drone  
  27  2:28  Overlord  
  27  2:42  Roach  
  27  2:43  Roach x2  
  33  2:47  Roach  
  34  2:52  Roach  
  34  2:58  Overlord  
  36  3:01  Drone  
  36  3:04  Drone  
  38  3:07  Ravager  
  38  3:09  Drone  
  38  3:10  Drone  
  41  3:14  Drone  
  41  3:19  Drone  
  43  3:23  Drone  
  43  3:25  Overlord  
  44  3:30  Ravager  
  44  3:32  Drone x2  
  47  3:35  Drone  
  47  3:38  Drone  
  49  3:43  Drone  
  49  3:44  Extractor  
  49  3:47  Drone  
  50  3:48  Drone  
  50  3:50  Ravager  
  50  3:52  Drone x3  
  55  4:00  Overlord  
  55  4:02  Drone  
  56  4:15  Drone  
  56  4:16  Drone  
  55  4:17  Drone  
  55  4:18  Drone  
  55  4:20  Roach x3  
  63  4:24  Evolution Chamber  
  63  4:26  Overlord  
  62  4:34  Queen  
  62  4:35  Hatchery  
  63  4:40  Lair  
  63  4:45  Extractor  
  62  4:46  Drone  
  62  4:49  Drone  
  62  4:50  Zerg Missile Weapons Level 1  
  62  4:52  Overlord  
  64  4:54  Drone  
  64  4:56  Drone  
  66  5:02  Drone x2  
  66  5:03  Drone x3  
  66  5:06  Overlord  
  71  5:18  Drone  
  72  5:23  Drone  
  72  5:24  Drone  
  72  5:26  Drone  
  72  5:27  Drone  
  76  5:28  Drone x2  
  76  5:29  Drone  
  76  5:35  Extractor  
  78  5:39  Glial Reconstitution  
  78  5:40  Overseer  
  78  5:41  Drone  
  78  5:42  Drone  
  80  5:46  Ravager  
  80  5:47  Ravager x2, Queen  
  80  5:48  Drone  
  86  5:50  Roach  
  86  5:51  Overlord  
  88  5:58  Roach  
  88  6:03  Roach x2  
  88  6:04  Roach x2  
  98  6:08  Overlord x2  
  98  6:14  Roach x3  
  98  6:15  Roach  
  101  6:21  Drone  
  101  6:23  Drone  
  100  6:31  Roach x3  
  106  6:36  Drone  
  106  6:37  Drone x2  
  106  6:39  Overlord x2  
  107  6:41  Burrow  
  107  6:43  Drone x2  
  107  6:44  Drone x3, Extractor  
  107  6:45  Extractor  
  110  6:48  Roach  
  112  6:54  Overlord x2  
  112  6:55  Overlord  
  112  7:00  Tunneling Claws, Hatchery  
  109  7:14  Drone  
  109  7:15  Roach x9  
  125  7:27  Drone x3  
  121  7:42  Overlord  
  121  7:43  Overlord x3  
  121  7:45  Queen, Drone x2  
  121  7:50  Drone  
  121  7:51  Drone  
  121  7:52  Queen  
  121  7:56  Roach x6  
  135  8:00  Zerg Ground Armor Level 1  
  135  8:03  Infestation Pit  
  134  8:09  Spore Crawler  
  133  8:14  Roach x8  
  149  8:36  Hatchery  
  149  8:37  Drone  
  149  8:38  Drone  
  149  8:39  Overlord  
  150  8:43  Infestor x3  
  156  8:53  Drone  
  156  8:55  Queen  
  142  8:59  Drone x3  
  142  9:02  Drone x3  
  136  9:04  Drone x2, Evolution Chamber  
  136  9:09  Roach x6  
  147  9:15  Queen  
  149  9:24  Drone x4  
  147  9:26  Roach  
  147  9:29  Hatchery  
  149  9:37  Drone  
  150  9:41  Ravager x2  
  150  9:42  Ravager x2  
  150  9:43  Zerg Melee Weapons Level 1  
  154  9:46  Drone x7  
  154  9:51  Overlord  
  154  9:52  Overlord  
  161  9:53  Hive  
  161  9:59  Zerg Ground Armor Level 2  
  161  10:01  Queen  
  161  10:04  Zergling x4  
  161  10:06  Zergling x2  
  166  10:13  Overlord  
  166  10:19  Roach x5  
  166  10:20  Roach x5  
  176  10:23  Ravager  
  176  10:24  Ravager x7  
  176  10:27  Roach x2  
  186  10:30  Hatchery  
  186  10:31  Roach x2  
  186  10:32  Roach x2  
  157  10:46  Drone x11  
  157  10:50  Roach  
  157  10:56  Drone  
  132  11:01  Drone x3  
  126  11:10  Infestor x2  
  126  11:11  Ultralisk Cavern  
  121  11:18  Roach x4  
  129  11:21  Queen  
  129  11:24  Ravager  
  129  11:25  Ravager x2  
  134  11:27  Zergling x4  
  136  11:36  Roach x3  
  142  11:46  Roach  
  142  11:47  Roach x2  
  146  11:55  Metabolic Boost  
  144  12:06  Queen  
  143  12:14  Roach  
  143  12:15  Roach x9  
  157  12:24  Roach x4  
  164  12:31  Zergling x2  
  164  12:32  Infestor, Zergling x10  
  164  12:37  Ultralisk Cavern  
  164  12:50  Roach x7  
  171  13:04  Roach x5  
  159  13:18  Drone x5  
  144  13:26  Chitinous Plating, Ultralisk x2  
  154  13:31  Infestor  
  156  13:36  Infestor  
  158  13:47  Roach  
  156  13:50  Drone x3  
  94  14:18  Hatchery  
  94  14:21  Ultralisk  
  94  14:22  Roach  
  88  14:26  Ultralisk  
  94  14:39  Ultralisk  
  100  14:50  Zergling x10  
  97  15:02  Zergling x12  
Show
View Real Time Build Order
Export as new Build Order

uThermal Terran - Winner!

Build Orders: MMM Bio 

Get SALT Encoding   

  12  0:01  SCV  
  13  0:13  SCV  
  14  0:18  Supply Depot  
  14  0:26  SCV  
  14  0:27  Refinery  
  15  0:40  SCV  
  16  0:44  Barracks  
  16  0:52  SCV  
  17  1:02  Barracks  
  17  1:05  SCV  
  18  1:24  Barracks  
  18  1:26  Refinery  
  18  1:31  Reaper  
  19  1:43  Orbital Command  
  19  1:49  Reaper  
  20  1:59  Supply Depot  
  20  2:03  Reaper  
  21  2:12  Reaper  
  22  2:17  SCV  
  22  2:21  Reaper  
  24  2:29  Supply Depot  
  24  2:32  SCV  
  24  2:35  Reaper  
  26  2:44  Reaper  
  28  2:51  SCV  
  28  2:53  Reaper  
  28  3:08  Reaper  
  28  3:09  Command Center  
  28  3:12  SCV  
  30  3:21  Reaper  
  31  3:30  Barracks Tech Lab, Factory  
  32  3:34  SCV  
  32  3:46  SCV  
  33  3:51  Stimpack  
  33  3:58  SCV  
  33  3:59  Barracks Reactor  
  33  4:00  Barracks Reactor, Marine  
  35  4:10  SCV  
  34  4:19  Marine  
  34  4:22  Starport, SCV  
  36  4:26  Factory Reactor  
  36  4:32  Orbital Command  
  36  4:34  SCV  
  36  4:36  Marine  
  36  4:38  Marine  
  39  4:39  Marine  
  39  4:41  Marine  
  41  4:46  SCV, Marine  
  43  4:54  Marine  
  43  4:56  Marine  
  43  4:57  Supply Depot, Marine  
  43  4:58  SCV  
  47  5:05  SCV  
  47  5:06  Supply Depot  
  48  5:08  Medivac  
  48  5:09  Medivac  
  48  5:11  Marine  
  48  5:13  Marine  
  54  5:18  Marine  
  54  5:19  SCV  
  54  5:20  Marine  
  57  5:22  Marine  
  59  5:28  SCV  
  59  5:29  Marine  
  59  5:33  SCV  
  59  5:34  Engineering Bay  
  61  5:35  Engineering Bay  
  61  5:38  Refinery  
  61  5:40  SCV  
  62  5:43  Factory Tech Lab  
  62  5:45  SCV  
  62  5:46  Marine x3  
  66  5:52  Supply Depot  
  66  5:54  Marine  
  66  5:56  SCV  
  68  6:02  Terran Infantry Weapons Level 1, Terran Infantry Armor Level 1  
  68  6:04  SCV  
  68  6:06  Marine  
  70  6:14  SCV, Marine  
  70  6:16  SCV  
  69  6:22  Marine  
  69  6:23  Marine  
  68  6:26  SCV  
  68  6:28  SCV  
  70  6:37  Command Center  
  70  6:38  SCV, Marine  
  70  6:39  Marine  
  73  6:40  SCV  
  73  6:44  Supply Depot  
  73  6:45  Medivac, Supply Depot  
  76  6:49  Medivac  
  76  6:53  Combat Shields  
  78  7:00  Marine  
  78  7:01  Marine  
  78  7:06  SCV, Siege Tank  
  82  7:10  Barracks, SCV  
  82  7:11  Barracks  
  82  7:13  Marine  
  82  7:14  Marine  
  85  7:16  Marine  
  85  7:19  Medivac, Marine  
  85  7:21  SCV  
  90  7:23  SCV  
  90  7:29  Marine  
  92  7:31  Marine  
  92  7:33  SCV  
  92  7:34  Medivac  
  91  7:38  Marine x2  
  91  7:39  Siege Tank  
  91  7:42  SCV  
  94  7:48  SCV, Refinery  
  94  7:49  Medivac  
  96  7:54  SCV  
  96  7:56  Orbital Command  
  96  7:57  Marine x2  
  100  7:59  Barracks Tech Lab  
  100  8:00  SCV  
  100  8:01  Barracks Tech Lab  
  100  8:03  Marine  
  101  8:06  Armory  
  101  8:07  Marine x2  
  103  8:14  Medivac  
  103  8:15  Marine x2  
  103  8:19  Concussive Shells  
  107  8:20  Marauder  
  107  8:21  Marine  
  107  8:22  SCV  
  107  8:23  SCV  
  107  8:24  Supply Depot  
  107  8:26  Marauder  
  112  8:28  Missile Turret  
  112  8:32  SCV, Missile Turret  
  112  8:33  Missile Turret  
  112  8:34  SCV  
  112  8:35  SCV  
  112  8:37  Marine  
  112  8:40  Marine x2  
  117  8:45  SCV, Marine  
  117  8:46  SCV, Marine, Marauder  
  117  8:47  SCV, Marine  
  124  8:55  Marine  
  123  8:58  Marine  
  123  9:00  SCV  
  123  9:02  Marine  
  123  9:05  Terran Infantry Armor Level 2, Marauder, Terran Infantry Weapons Level 2  
  123  9:07  Supply Depot, Marine  
  123  9:08  Supply Depot  
  125  9:15  Supply Depot  
  125  9:28  Medivac, Marine x5  
  125  9:29  Marauder  
  125  9:30  Marauder  
  125  9:31  Supply Depot  
  133  9:36  Siege Tank  
  135  9:46  Marine x4  
  135  9:47  Marauder  
  135  9:50  Marauder  
  135  9:51  Marauder  
  145  9:59  Barracks  
  145  10:02  Barracks, Supply Depot  
  145  10:04  Marine x4, Sensor Tower  
  149  10:08  Marauder  
  149  10:09  Siege Tank  
  149  10:10  SCV, Supply Depot  
  149  10:11  Marine  
  156  10:17  SCV  
  157  10:23  Marine x3  
  157  10:24  Medivac, Marauder  
  157  10:26  Marine  
  165  10:29  Marine  
  165  10:32  Medivac, Marauder  
  145  10:42  Marine  
  145  10:45  Marauder  
  145  10:48  Marine, Marauder  
  143  10:52  Marine x3  
  143  10:53  Marauder  
  131  10:57  Marine  
  131  11:00  Marine  
  122  11:05  Marine  
  122  11:07  Marauder  
  122  11:09  Marine  
  122  11:10  Marine  
  122  11:11  Missile Turret, Marine  
  128  11:12  Marine  
  129  11:19  Marine x2  
  126  11:28  Marine x2  
  126  11:29  Marauder  
  126  11:30  Marine  
  126  11:31  Marauder  
  133  11:33  Marine  
  133  11:37  Terran Infantry Weapons Level 3  
  133  11:38  Marine  
  137  11:43  Terran Infantry Armor Level 3  
  135  11:49  Marine, Marauder  
  135  11:52  Marine, Marauder  
  135  11:53  Marine  
  141  12:02  Marine, Marauder  
  144  12:14  Marine x2  
  144  12:15  Marine, Marauder x2  
  144  12:21  Medivac  
  145  12:24  Marine, Marauder  
  145  12:25  Marine x2  
  145  12:29  Medivac  
  143  12:32  Marine x2  
  143  12:33  Marine  
  143  12:36  Marauder x2  
  148  12:42  Marine  
  148  12:43  Marine x2  
  147  12:45  Marauder  
  147  12:51  Medivac  
  147  12:52  Marine  
  147  12:53  Marine  
  147  12:57  Marauder  
  153  12:59  Medivac  
  153  13:03  Marine, Marauder  
  154  13:12  Supply Depot  
  149  13:13  Supply Depot  
  149  13:17  Marine x2, Marauder  
  149  13:18  Marine  
  126  13:21  Medivac  
  126  13:24  Marine, Marauder  
  126  13:26  Marine  
  123  13:29  Medivac  
  123  13:30  Marine x2  
  127  13:38  Marine x2  
  127  13:40  Missile Turret  
  129  13:43  Marine  
  129  13:46  Marine  
  129  13:48  Marine  
  131  13:49  Marine x2  
  130  13:57  Medivac  
  130  14:00  Marine  
  101  14:11  Marine  
  101  14:12  Liberator  
  101  14:13  Liberator  
  121  14:17  Orbital Command  
  93  14:24  Marine x2, Marauder  
  96  14:25  Marine, Marauder  
  104  14:32  Marine  
  104  14:36  Marine  
  106  14:42  Marine  
  107  14:49  Marine  
  107  14:50  Marauder  
  107  14:51  Marine  
  91  15:03  Marine  
Tags
 
Add a new tag
Caveats
  • Supply blocks, unpowered buildings, or Contaminate may cause inaccurate times.
  • Supply counts are checked every 10 seconds.